 Dungeon Crawl Stone Soup version 0.18.1-5-g4a78601 (webtiles) character file.

257 barb4r1an the Gusty (level 5, 0/31 HPs)
             Began as a High Elf Air Elementalist on May 12, 2016.
             Slain by Grinder (6 damage)
             ... while paralysed by Grinder
             ... on level 3 of the Dungeon.
             The game lasted 00:05:22 (3100 turns).

barb4r1an the Gusty (High Elf Air Elementalist)     Turns: 3100, Time: 00:05:23

Health: 0/31       AC:  6    Str:  7    XL:     5   Next: 93%
Magic:  9/12       EV:  2    Int: 18    God:
Gold:   242        SH:  0    Dex: 15    Spells: 2 memorised, 9 levels left

rFire  . . .     SeeInvis .     q - +2 whip (elec)
rCold  . . .     Gourm    .     a - +0 robe
rNeg   . . .     Faith    .     (no shield)
rPois  .         Spirit   .     m - +2 helmet
rElec  .         Dismiss  .     (no cloak)
rCorr  .         Reflect  .     (no gloves)
SustAt .         Harm     .     f - +0 pair of boots
MR     .....                    (no amulet)
Stlth  ++........               (no ring)
                                v - -2 ring of intelligence (curse)

@: paralysed, repel missiles, not resistant to hostile enchantments, unstealthy
A: no striking features
a: no special abilities


You were on level 3 of the Dungeon.
You were hungry.

You visited 1 branch of the dungeon, and saw 5 of its levels.

You collected 242 gold pieces.

Inventory:

Hand Weapons
 h - a +0 dagger
 q - a +2 whip of electrocution (weapon)
Armour
 a - a +0 robe (worn)
 f - a +0 pair of boots (worn)
 m - a +2 helmet (worn)
Jewellery
 v - a cursed -2 ring of intelligence (left hand)
Scrolls
 d - 3 scrolls of random uselessness {unknown}
 e - a scroll of immolation {unknown}
 j - 2 scrolls of fog {unknown}
 k - 5 scrolls of identify {unknown}
 l - a scroll of amnesia {unknown}
 o - a scroll of enchant weapon {unknown}
 r - a scroll of blinking {unknown}
 t - a scroll of remove curse {unknown}
Potions
 i - a potion of haste {unknown}
 n - 2 potions of curing {unknown}
 p - a potion of mutation {unknown}
 s - a potion of might {unknown}
Books
 b - a book of Air

   Spells                             Type                      Level
   a - Shock                          Conjuration/Air              1
   b - Swiftness                      Charms/Air                   2
   c - Repel Missiles                 Charms/Air                   2
   d - Static Discharge               Conjuration/Air              3
   e - Lightning Bolt                 Conjuration/Air              5
Comestibles
 c - 3 bread rations
 g - a meat ration


   Skills:
 + Level 2.9 Dodging
 - Level 2.1 Stealth
 * Level 4.4 Spellcasting
 * Level 3.4 Conjurations
 * Level 5.3 Air Magic


You had 9 spell levels left.
You knew the following spells:

 Your Spells              Type           Power        Failure   Level  Hunger
a - Shock                 Conj/Air       ###.         1%          1    None
b - Repel Missiles        Chrm/Air       ##....       10%         2    ##.....


Dungeon Overview and Level Annotations

Branches:
Dungeon (5/15)
 Temple: D:4-7

Altars:
Cheibriados
Fedhas
Gozag
Pakellas
Zin

Shops:
D:3 *

Annotations:
D:3 Grinder


Message History

Aim: Grinder (lightly wounded)
The zap hits Grinder.
Grinder is lightly wounded.
Grinder hits you.
You writhe in agony.
Casting: Shock
Confirm with . or Enter, or press ? or * to list all spells.
Aiming: Shock
Press: ? - help, Shift-Dir - straight line, f/p - Grinder
Aim: Grinder (lightly wounded)
The zap hits Grinder.
Grinder is moderately wounded.
Grinder gestures at you.
You suddenly lose the ability to move!
Grinder hits you but does no damage. Grinder hits you!
* * * LOW HITPOINT WARNING * * *
You writhe in agony.
* * * LOW HITPOINT WARNING * * *
Grinder hits you.
You die...

#.# #.## #.# #.##
#.# #... #.#####
#### #.#...
#.#.#######
#..........
##########.######
#.@........#
#5########## #.
#. ## ########
........ ########


You could see Grinder.

Vanquished Creatures
  The ghost of zkyp the Sneak, an amateur HEAs (D:3)
  3 gnolls (D:3)
  4 adders
  A shadow imp (D:5)
  2 oozes
  A worm (D:2)
  3 dart slugs
  3 giant cockroaches
  12 hobgoblins
  2 quokkas (D:2)
  3 ball pythons (D:3)
  2 bats (D:1)
  4 giant newts (D:1)
  4 goblins
  5 kobolds (D:1)
  8 rats
58 creatures vanquished.

Notes
Turn   | Place    | Note
--------------------------------------------------------------
     0 | D:1      | barb4r1an the High Elf Air Elementalist began the quest for the Orb.
     0 | D:1      | Reached XP level 1. HP: 11/11 MP: 4/4
   193 | D:1      | Reached skill level 4 in Air Magic
   235 | D:1      | Reached XP level 2. HP: 17/17 MP: 2/6
  1195 | D:1      | Reached XP level 3. HP: 21/21 MP: 5/8
  1638 | D:2      | Found a blossoming altar of Fedhas.
  1660 | D:2      | Found an opulent altar of Gozag.
  2196 | D:3      | Found a snail-covered altar of Cheibriados.
  2197 | D:3      | Found an oddly glowing altar of Pakellas.
  2207 | D:3      | Reached XP level 4. HP: 27/27 MP: 3/9
  2284 | D:3      | Found Zin's Purification Station.
  2287 | D:3      | Found a glowing silver altar of Zin.
  2391 | D:3      | You fall through a shaft for 2 floors!
  2391 | D:5      | Entered Level 5 of the Dungeon
  2391 | D:5      | Noticed an ice beast
  2789 | D:3      | Noticed zkyp's ghost (amateur HEAs)
  2797 | D:3      | Killed zkyp's ghost
  2797 | D:3      | Reached skill level 5 in Air Magic
  2797 | D:3      | Reached XP level 5. HP: 19/31 MP: 0/12
  2985 | D:3      | Learned a level 2 spell: Repel Missiles
  3094 | D:3      | Noticed Grinder
  3097 | D:3      | Paralysed by Grinder for 4 turns
  3100 | D:3      | Slain by Grinder

Skill      XL: |  1  2  3  4 |
---------------+-------------+-----
Air Magic      | 4 5 |  5.3
Conjurations   | 2 3 |  3.4
Spellcasting   | 3 4 |  4.4
Dodging        | |  2.9
Stealth        | |  2.1

Action                   |  1- 3 |  4- 6 || total
-------------------------+-------+-------++-------
Melee: Dagger            |    15 |       ||    15
       Unarmed           |     3 |       ||     3
       Whip              |       |    13 ||    13
 Cast: Shock             |    87 |    42 ||   129
       Repel Missiles    |       |     1 ||     1
  Eat: Chunk             |     3 |     3 ||     6
Armor: Robe              |     5 |     6 ||    11
Dodge: Dodged            |     9 |    16 ||    25
